 Dungeon Crawl Stone Soup version 0.32-a0-172-gc5dd13f2a7 (webtiles) character file.

Game seed: 837622914524220071

8 retardedninja the Firebug (level 2, -1/22 HPs)
             Began as a Gargoyle Fire Elementalist on Feb 12, 2024.
             Slain by a gnoll
             ... wielding a +0 whip
              (6 damage)
             ... on level 1 of the Dungeon.
             The game lasted 00:01:18 (246 turns).

retardedninja the Firebug (GrFE)                     Turns: 246, Time: 00:01:19

Health: -1/22      AC:  4    Str: 11    XL:     2   Next: 8%
Magic:  0/5        EV: 12    Int: 15    God:
Gold:   9          SH:  0    Dex: 10    Spells: 4/5 levels left

rFire   . . .        d - +2 whip (pain)
rCold   . . .        (no shield)
rNeg    + . .        a - +0 robe
rPois   ∞            (no helmet)
rElec   +            (no cloak)
rCorr   .            (no gloves)
SInv    .            (no boots)
Will    .....        (no amulet) Stlth
                     (no ring)
HPRegen 0.23/turn    (no ring)
MPRegen 0.09/turn

%: no passive effects
@: berserking, very quick
A: sickness immunity, AC +2, negative energy resistance 1, electricity
resistance, torment resistance 1, petrification resistance
a: no special abilities


You were on level 1 of the Dungeon.
You visited 1 branch of the dungeon, and saw 1 of its levels.

You collected 9 gold pieces.

Inventory:

Hand Weapons
 d - a +2 whip of pain (weapon)
Armour
 a - a +0 robe (worn)
Scrolls
 e - a scroll of immolation {unknown}
 f - a scroll of brand weapon {unknown}
Potions
 c - a potion of berserk rage


   Skills:
 + Level 1.7 Dodging
 + Level 2.4 Stealth
 + Level 2.1 Spellcasting
 + Level 1.3 Conjurations
 + Level 3.1 Fire Magic


You had 4 spell levels left.
You knew the following spells:

 Your Spells              Type           Power      Damage    Failure   Level
a - Foxfire               Conj/Fire      32%        2x1d5     9%          1

Your spell library contained the following spells:

 Spells                   Type           Power      Damage    Failure   Level
 Scorch                   Fire           20%        2d5       10%         2
 Inner Flame              Hex/Fire       6%         N/A       34%         3
 Volatile Blastmotes      Fire/Tloc      12%        2d11      34%         3
 Flame Wave               Conj/Fire      8%         2d5       65%         4


Dungeon Overview and Level Annotations

Branches:
Dungeon (1/15)

Altars:


Innate Abilities, Weirdness & Mutations

You are immune to sickness and miasma.
Your stone body is resilient. (AC +2)
You are immune to poison.
You resist negative energy. (rN+)
You are resistant to electric shocks. (rElec)
You are resistant to unholy torment.
You are immune to petrification.


Message History

Your foxfire dissipates!
The hobgoblin barely misses you.
The foxfire hits the hobgoblin.
The hobgoblin is heavily wounded.
The foxfire hits the hobgoblin but does no damage.
The hobgoblin is heavily wounded.
The hobgoblin hits you.
Casting: Foxfire (safe; 9% risk of failure)
Press: ? - help, Q - select action Dir - look around, f - activate You conjure some foxfire!
The hobgoblin barely misses you.
The foxfire hits the hobgoblin.
You kill the hobgoblin!
The foxfire hits the gnoll but does no damage.
Casting: Foxfire (safe; 9% risk of failure)
Press: ? - help, Q - select action Dir - look around, f - activate You conjure some foxfire!
The gnoll completely misses you.
Unknown command.
Casting: Foxfire (safe; 9% risk of failure)
Press: ? - help, Q - select action Dir - look around, f - activate You conjure some foxfire!
The foxfire hits the gnoll.
The gnoll is lightly wounded.
The gnoll misses you.
The foxfire hits the gnoll but does no damage.
The gnoll is lightly wounded.
The foxfire hits the gnoll.
The gnoll is moderately wounded.
The gnoll attacks as it pursues you! The gnoll hits you but does no damage.
The foxfire hits the gnoll.
The gnoll is moderately wounded.
The gnoll hits you with a +0 whip. The gnoll hits you with a +0 whip!
* * * LOW HITPOINT WARNING * * *
It was a potion of berserk rage.
A red film seems to cover your vision as you go berserk!
You feel yourself moving faster!
You feel mighty! The gnoll hits you with a +0 whip.
You die...

#..# .# ##.... #.#.# ##...#
.# #.... #.#.. #.#.#.###.####
#..# #.#
......?.......##..#########.#
#.#......#####..........†...#
#.......§......#...†########
###.....#####..#.#.###
#...........†.g#.....#
#...##.#######..@...#.... ...
#. ############ #. #. # #. #.
.. ##


You could see a gnoll.

Vanquished Creatures
  A bat (D:1)
  A giant cockroach (D:1)
  2 hobgoblins (D:1)
  A quokka (D:1)
  A frilled lizard (D:1)
  A rat (D:1)
7 creatures vanquished.

Vanquished Creatures (others)
  28 foxfires (D:1)
28 creatures vanquished.

Grand Total: 35 creatures vanquished

Notes
Turn   | Place    | Note
-------+----------+-------------------------------------------
     0 | D:1      | retardedninja the Gargoyle Fire Elementalist began the
                  | quest for the Orb.
     0 | D:1      | Reached XP level 1. HP: 10/10 MP: 3/3
   235 | D:1      | Reached XP level 2. HP: 14/15 MP: 3/5
   246 | D:1      | Slain by a gnoll

Illustrated notes

Levels and vault maps discovered:
D:1:      minmay_arrival_wavy_path, layout_loops_ring

Action                     || total
---------------------------++-------
  Melee: Unarmed           ||     9
         Whip              ||     5
   Cast: Foxfire           ||    18
    Use: Potion            ||     2
 Armour: Robe              ||    27
  Dodge: Dodged            ||    39

Table legend: (Time is in decaauts)
 A = Elapsed time spent in this place.
 B = Non-inter-level travel time spent in this place.
 C = Inter-level travel time spent in this place.
 D = Time resting spent in this place.
 E = Time spent auto-exploring this place.
 F = Levels seen in this place.
 G = Mean time per level.
                   A        B        C        D        E       F      G
               +--------+--------+--------+--------+--------+-----+--------+
         Total |    246 |    246 |      0 |      0 |    142 |   1 |  246.0 |
       Dungeon |    246 |    246 |      0 |      0 |    142 |   1 |  246.0 |
               +--------+--------+--------+--------+--------+-----+--------+

Top non-repeatable levels by time:
     D:1: 246 daAuts
